 Dungeon Crawl Stone Soup version 0.29.1-15-g9cfb28693d (webtiles) character file.

Game seed: 1060012630109380844

7 Ast3rio the Stinger (level 1, 0/10 HPs)
             Began as a Deep Elf Venom Mage on Mar 9, 2023.
             Slain by a gnoll
             ... wielding a +0 club
              (2 damage)
             ... on level 2 of the Dungeon.
             The game lasted 00:01:25 (996 turns).

Ast3rio the Stinger (Deep Elf Venom Mage)            Turns: 996, Time: 00:01:26

Health: 0/10       AC:  2    Str:  5    XL:     1   Next: 83%
Magic:  4/6        EV: 12    Int: 19    God:
Gold:   49         SH:  0    Dex: 15    Spells: 5/6 levels left

rFire   . . .      SeeInvis .   (no weapon)
rCold   . . .      Faith    .   (no shield)
rNeg    . . .      Spirit   .   a - +0 robe
rPois   .          Reflect  .   (no helmet)
rElec   .          Harm     .   (no cloak)
rCorr   .          Rampage  .   (no gloves)
Will    .....                   (no boots)
Stlth   ++........              (no amulet)
HPRegen 0.03/turn               (no ring)
MPRegen 0.10/turn               (no ring)

@: no status effects
A: no striking features
a: no special abilities


You were on level 2 of the Dungeon.
You visited 1 branch of the dungeon, and saw 2 of its levels.

You collected 49 gold pieces.

Inventory:

Armour
 a - a +0 robe (worn)
Jewellery
 g - an amulet of guardian spirit
Scrolls
 c - 2 scrolls of fear {unknown}
 d - a scroll of teleportation {unknown}
 e - 3 scrolls of identify {unknown}
Potions
 b - a potion of magic
 f - 3 potions of flight {unknown}


   Skills:
 + Level 2.4 Dodging
 + Level 2.4 Stealth
 + Level 3.2 Spellcasting
 + Level 1.1 Transmutations
 + Level 3.6 Poison Magic


You had 5 spell levels left.
You knew the following spells:

 Your Spells              Type           Power      Damage    Failure   Level
a - Sting                 Tmut/Pois      48%        1d5       5%          1

Your spell library contained the following spells:

 Spells                   Type           Power      Damage    Failure   Level
 Poisonous Vapours        Pois/Air       18%        N/A       11%         2
 Mephitic Cloud           Conj/Pois/Air  7%         N/A       26%         3
 Olgreb's Toxic Radiance  Pois           16%        N/A       32%         4


Dungeon Overview and Level Annotations

Branches:
Dungeon (2/15)

Altars:


Message History

The sting hits the goblin.
The goblin is poisoned.
The goblin is severely wounded.
The goblin shouts!
You kill the goblin!
Your magical contamination has completely faded away.
You see here a +0 club.
You see here a +0 club.
Partly explored, can't reach some places.
Partly explored, can't reach some places.
There is a stone staircase leading down here.
You climb downwards.
Found 4 large rocks.
There is a stone staircase leading up here.
Found 2 stones.
A gnoll comes into view.
It is wielding a +0 club. 3 gnolls come into view.
Found an escape hatch in the ceiling.
The gnoll shouts! x3
You see here a scroll labelled XUAQICL HACWESON.
The gnoll closely misses you.
Casting: Sting (safe; 5% risk of failure)
Confirm with . or Enter, or press ? or * to list all spells.
Aiming: Sting (safe; 5% risk of failure)
Press: ? - help, Shift-Dir - straight line, f - gnoll
Aim: a gnoll, wielding a +0 spear (75% to hit)
The sting hits the gnoll.
The gnoll is poisoned.
The gnoll is lightly wounded.
The gnoll hits you with a +0 whip. The gnoll hits you but does no damage.
The gnoll hits you with a +0 club.
Casting: Sting (safe; 5% risk of failure)
Confirm with . or Enter, or press ? or * to list all spells.
Aiming: Sting (safe; 5% risk of failure)
Press: ? - help, Shift-Dir - straight line, f/p - gnoll
Aim: a gnoll, wielding a +0 spear (lightly wounded, poisoned, 75% to hit)
The sting hits the gnoll.
The gnoll looks even sicker.
The gnoll is moderately wounded.
The gnoll hits you with a +0 spear.
* * * LOW HITPOINT WARNING * * *
The gnoll hits you with a +0 club.
You die...

.#.. # ... ###. ..
... #.# ..###.
#..###......
#..#ggg.#
.#.##...@g.#
.......?####
##.#.......######
#######....^.###.#(.
#####...(.....
####...###..#♣#
#..<.### ... #.####
♣ ..


You could see 4 gnolls.

Vanquished Creatures
  A giant cockroach (D:1)
  2 goblins (D:1)
  2 bats (D:1)
  A frilled lizard (D:1)
  A rat (D:1)
7 creatures vanquished.

Notes
Turn   | Place    | Note
-------+----------+-------------------------------------------
     0 | D:1      | Ast3rio the Deep Elf Venom Mage began the quest for the
                  | Orb.
     0 | D:1      | Reached XP level 1. HP: 10/10 MP: 6/6
   996 | D:2      | Slain by a gnoll

Illustrated notes

Levels and vault maps discovered:
D:1:      nagdon_arrival_zigzag_paths, layout_loops_ring, grunt_decor_fettered,
          minmay_misc_feat_alley, grunt_decor_one_mirror
D:2:      layout_rooms, serial_shops, nicolae_shop_trees, grunt_ministairs_10,
          chequers_serial_rivers_room_a, serial_park_tiny_pond, uniq_jessica

Action                   || total
-------------------------++-------
 Cast: Sting             ||    12
Armor: Robe              ||     1
Dodge: Dodged            ||     2
